 Dungeon Crawl Stone Soup version 0.20-a0-550-gf70bbbc (webtiles) character file.

4547 Ijustatesigmund the Slicer (level 10, 0/64 HPs)
             Began as a Kobold Wizard on Feb 2, 2017.
             Was a Follower of Vehumet.
             Shot with an arrow by a centaur (9 damage)
             ... on level 10 of the Dungeon.
             The game lasted 00:48:07 (12561 turns).

Ijustatesigmund the Slicer (Kobold Wizard)         Turns: 12561, Time: 00:48:08

Health: 0/64       AC:  9    Str:  5    XL:     10   Next: 67%
Magic:  12/19      EV: 17    Int: 22    God:    Vehumet [*.....]
Gold:   398        SH:  0    Dex: 14    Spells: 13/21 levels left

rFire    + + .     SeeInvis .   E - +4 short sword
rCold    + + +     Gourm    .   D - +2 robe {rC+ rF+}
rNeg     . . .     Faith    .   (shield restricted)
rPois    +         Spirit   .   J - +2 hat {MR+}
rElec    +         Reflect  .   F - +0 cloak "Irghiyr" {MR+}
rCorr    +         Harm     .   l - +1 pair of gloves
MR       ++...                  (no boots)
Stlth    ++++......             H - amulet of regeneration
Regen    0.6/turn               v - ring of protection from cold
                                t - ring of wizardry

@: resistant
A: carnivore 3
a: Renounce Religion


You were on level 10 of the Dungeon.
You worshipped Vehumet.
Vehumet was aware of your devotion.
You were very full.

You visited 2 branches of the dungeon, and saw 11 of its levels.

You collected 495 gold pieces.
You spent 97 gold pieces at shops.

Inventory:

Hand Weapons
 w - a +1 rapier of freezing
 E - a +4 short sword (weapon)
Missiles
 G - 4 throwing nets (quivered)
Armour
 b - a +0 hat
 l - a +1 pair of gloves (worn)
 D - a +2 robe of resistance (worn)
 F - the +0 cloak "Irghiyr" (worn) {MR+}
   (You found it on level 6 of the Dungeon)

   It affects your resistance to hostile enchantments.
 J - a +2 hat of magic resistance (worn)
Jewellery
 t - a ring of wizardry (left hand)
 v - a ring of protection from cold (right hand)
 H - an amulet of regeneration (around neck)
Wands
 a - a wand of acid (4/15)
 m - a wand of iceblast (6/15)
 q - a wand of clouds (6/9)
 s - a wand of polymorph (19/24)
 x - a wand of confusion (33/48)
 y - a wand of lightning (3/15)
 z - a wand of disintegration (12/24)
 B - a wand of confusion (24/48)
Scrolls
 k - 3 scrolls of remove curse
 u - 3 scrolls of amnesia
Potions
 e - a potion of cure mutation
 f - a potion of might
 g - 2 potions of curing
 h - a potion of brilliance {unknown}
 n - a potion of ambrosia
 p - a potion of heal wounds
 r - 2 potions of agility {unknown}
 A - 2 potions of flight {unknown}
 C - a potion of berserk rage {unknown}
Books
 c - a book of Minor Magic

   Spells                             Type                      Level
   a - Magic Dart                     Conjuration                  1
   b - Blink                          Translocation                2
   c - Call Imp                       Summoning                    2
   d - Repel Missiles                 Charms/Air                   2
   e - Slow                           Hexes                        2
   f - Conjure Flame                  Conjuration/Fire             3
   g - Mephitic Cloud                 Conjuration/Poison/Air       3
Comestibles
 d - 2 meat rations
 j - a royal jelly


   Skills:
 + Level 7.7 Fighting
 + Level 9.3 Short Blades
 - Level 4.7 Dodging
 - Level 8.2 Stealth
 - Level 6.0 Spellcasting
 - Level 4.0 Conjurations
   Level 1.0 Summonings
 - Level 1.0 Translocations
 - Level 2.4 Air Magic
 - Level 2.4 Poison Magic
 - Level 5.1 Evocations


You had 13 spell levels left.
You knew the following spells:

 Your Spells              Type           Power        Failure   Level  Hunger
a - Magic Dart            Conj           ###.         1%          1    None
b - Blink                 Tloc           N/A          4%          2    None
c - Repel Missiles        Chrm/Air       ##....       4%          2    None
d - Mephitic Cloud        Conj/Pois/Air  ###.....     4%          3    #......


Dungeon Overview and Level Annotations

Branches:
Dungeon (10/15)            Temple (1/1) D:7
   Lair: D:8-11         Orc: D:9-12

Altars:
Ashenzari
Cheibriados
Dithmenos
Elyvilon
Fedhas
Gozag
Hepliaklqana
Kikubaaqudgha
Makhleb
Nemelex Xobeh
Okawaru
Qazlal
Ru
Sif Muna
Trog
Uskayaw
Vehumet
Xom
Yredelemnul
Zin
The Shining One

Shops:
D:7 *

Annotations:
D:10 Josephine


Innate Abilities, Weirdness & Mutations

You are small and have problems with some larger weapons.
You are carnivorous and can eat meat at any time.


Message History

The centaur hits you!
* * * LOW HITPOINT WARNING * * *
The centaur shoots an arrow.
The arrow hits you.
* * * LOW HITPOINT WARNING * * *
The orc moves out of view.
Casting: Blink
Confirm with . or Enter, or press ? or * to list all spells.
You blink.
The centaur wields an uncursed shortbow.
The centaur shoots an arrow.
The arrow closely misses you.
The centaur shoots an arrow.
The arrow misses you.
Casting: Blink
Confirm with . or Enter, or press ? or * to list all spells.
Aiming: Mephitic Cloud
Press: ? - help, Shift-Dir - straight line The ball explodes into a vile cloud!
The stinking cloud engulfs the centaur. x2
You hear a shout! x2
The centaur is engulfed in noxious fumes.
The centaur shoots an arrow.
The arrow hits you!
You die...

,*
*,,,,,,,,,,,,,,,,,,,,,,,,,,,
,*
*,,,,,,,,,,,.........#******
,* *,,*********.........# *
,*****,,* #....,....# *
,,,,,,,,* #...,,,...#######
,,,,,,,,* #.o#***#.......W.
,*****,,* #..# #....@...W ,*
*,,*########§c# #...W.....
,*
*,,,......(@§§#####.(@......
,*
*,,,.....(..§§c.....(....Z..
,*
*,,*########..(...T.(..<....
,*****,,* #........(.......
,,,,,,,,* #.........(...>..
,,,,,,,,* #.........(......
,*****,,* #................
,* *,,* #................ ,*
*,,* #................


You could see a troll, 2 centaurs and an orc.

Vanquished Creatures
  A two-headed ogre (D:8)
  A troll (D:9)
  Sigmund (D:2)
  The ghost of Ijustatesigmund the Cutter, an amateur KoWz (D:4)
  Eustachio (D:5)
  2 water moccasins
  4 orc warriors
  An ice beast (D:7)
  3 ogres (D:6)
  5 centaurs
  3 bullfrogs
  A gnoll sergeant (D:8)
  2 scorpions (D:6)
  5 howler monkeys
  2 crimson imps
  2 quasits
  A centaur zombie (D:5)
  2 bullfrog zombies
  A jelly (D:8)
  3 hounds
  10 orc wizards
  2 centaur skeletons
  4 orc priests
  A gnoll shaman (D:8)
  Jessica (D:2)
  6 worker ants
  3 iguanas
  2 hound zombies
  7 adders
  10 gnolls
  A howler monkey skeleton (D:5)
  A shadow imp (D:5)
  4 oozes
  An adder zombie (D:7)
  5 worms
  A dart slug (D:3)
  8 leopard geckos
  35 orcs
  A ball python (D:2)
  8 bats
  10 giant cockroaches
  6 goblins
  10 hobgoblins
  5 jackals (D:3)
  9 kobolds
  4 quokkas
  5 frilled lizards
  11 rats
213 creatures vanquished.

Notes
Turn   | Place    | Note
-------+----------+-------------------------------------------
     0 | D:1      | Ijustatesigmund the Kobold Wizard began the quest for the Orb.
     0 | D:1      | Reached XP level 1. HP: 10/10 MP: 4/4
   404 | D:1      | Reached XP level 2. HP: 15/15 MP: 6/6
   495 | D:1      | You fall through a shaft!
   773 | D:2      | Noticed Jessica
   784 | D:2      | Killed Jessica
   784 | D:2      | Reached skill level 2 in Short Blades
   784 | D:2      | Reached XP level 3. HP: 17/19 MP: 0/7
   852 | D:2      | Learned a level 2 spell: Blink
   855 | D:2      | Learned a level 2 spell: Repel Missiles
   859 | D:2      | Learned a level 3 spell: Mephitic Cloud
  1212 | D:2      | Reached XP level 4. HP: 9/24 MP: 0/8
  1426 | D:1      | Reached skill level 1 in Fighting
  2474 | D:2      | Reached XP level 5. HP: 30/30 MP: 4/9
  2524 | D:2      | Noticed Sigmund
  3203 | D:2      | Killed Sigmund
  3203 | D:2      | Reached skill level 3 in Short Blades
  3203 | D:2      | Reached XP level 6. HP: 22/36 MP: 0/10
  4885 | D:4      | Reached XP level 7. HP: 41/41 MP: 5/11
  4957 | D:4      | Noticed Ijustatesigmund's ghost (amateur KoWz)
  4968 | D:4      | Killed Ijustatesigmund's ghost
  5491 | D:5      | Entered Level 5 of the Dungeon
  5641 | D:5      | Noticed Eustachio
  5687 | D:5      | Killed Eustachio
  5687 | D:5      | Reached XP level 8. HP: 46/46 MP: 2/14
  5797 | D:5      | Reached skill level 5 in Spellcasting
  6608 | D:5      | Reached skill level 1 in Evocations
  7668 | D:6      | Reached skill level 5 in Evocations
  7735 | D:6      | Reached skill level 4 in Short Blades
  7790 | D:6      | Reached XP level 9. HP: 51/51 MP: 1/18
  8061 | D:6      | Got a distressingly furry cloak
  8074 | D:6      | Identified the cursed +0 cloak "Irghiyr" {MR+} (You found it on level 6 of the Dungeon)
  8646 | D:6      | Reached skill level 5 in Short Blades
  9538 | D:7      | Found a staircase to the Ecumenical Temple.
  9835 | D:7      | Reached skill level 6 in Short Blades
  9839 | D:7      | Reached skill level 5 in Fighting
  9987 | D:7      | Found Eoupu's Eclectic Emporium.
  9995 | D:7      | Bought a scroll of enchant weapon for 97 gold pieces
 10430 | Temple   | Entered the Ecumenical Temple
 10517 | Temple   | Became a worshipper of Vehumet
 10557 | D:8      | Found a shattered altar of Ashenzari.
 10581 | D:8      | Noticed a two-headed ogre
 10668 | D:8      | Reached skill level 5 in Stealth
 10773 | D:8      | Reached skill level 7 in Short Blades
 10896 | D:8      | Identified a scroll of acquirement
 10973 | D:8      | Reached XP level 10. HP: 37/60 MP: 2/19
 10981 | D:8      | Killed a two-headed ogre
 10981 | D:8      | Reached skill level 8 in Short Blades
 11443 | D:8      | Reached * piety under Vehumet
 11443 | D:8      | Offered knowledge of Shock by Vehumet.
 12145 | D:9      | Reached skill level 9 in Short Blades
 12153 | D:9      | Noticed a two-headed ogre
 12537 | D:10     | Entered Level 10 of the Dungeon
 12553 | D:10     | Noticed Josephine
 12561 | D:10     | Shot with an arrow by a centaur

Vault maps used:
D:1:      shiori_arrival_maze, lemuel_another_geyser
D:2:      uniq_sigmund, uniq_jessica
D:3:      first_bread
D:5:      kb_lookout_dungeons_type, corexii_shack, grunt_ministairs_15,
          uniq_eustachio
D:7:      temple_fountains, nicolae_alphabet_shops
D:8:      basic_altar
D:9:      lair_entry_dummy, hiddenorc2_lemuel, serial_co_window_serial,
          co_window_corner_a, co_window_corner_a, co_window_of_opportunity_a,
          co_window_paths_b, co_window_paths_a, co_window_paths_b,
          co_window_corner_a, co_window_paths_a, co_window_corner_a,
          co_window_corner_ca, co_window_corner_b, co_window_corner_b,
          co_window_4corner_a, glass_columns_b
D:10:     enter_bailey_3, grunt_tengu_nest, minmay_guarded_unrand_variability,
          uniq_josephine, uniq_harold
Temple:   grunt_wide_crystal_templ

Skill      XL: |  1  2  3  4  5  6  7  8  9 10 |
---------------+-------------------------------+-----
Conjurations   | 2 3 4 |  4.0
Short Blades   | 2 3 4 7 9 |  9.3
Fighting       | 1 2 3 6 7 |  7.7
Stealth        | 4 5 8 |  8.2
Dodging        | 3 4 |  4.7
Air Magic      | 2 |  2.4
Poison Magic   | 2 |  2.4
Spellcasting   | 4 6 |  6.0
Evocations     | 5 |  5.1
Summonings     | |  1.0
Translocations | |  1.0

Action                   |  1- 3 |  4- 6 |  7- 9 | 10-12 || total
-------------------------+-------+-------+-------+-------++-------
Melee: Spear             |     3 |       |       |       ||     3
       Short sword       |     9 |    55 |    37 |   133 ||   234
       Rapier            |       |       |   122 |       ||   122
Throw: Throwing net      |       |       |       |     1 ||     1
 Cast: Magic Dart        |    48 |   175 |   406 |   104 ||   733
       Mephitic Cloud    |       |     2 |    20 |     7 ||    29
       Repel Missiles    |       |     3 |     2 |     1 ||     6
       Blink             |       |       |     5 |    10 ||    15
Evoke: Wand              |       |       |     1 |     4 ||     5
  Use: Scroll            |     1 |    10 |    10 |     2 ||    23
       Potion            |       |     1 |     4 |     4 ||     9
 Stab: Sleeping          |     1 |     5 |     4 |       ||    10
       Confused          |       |       |     8 |     5 ||    13
       Invisible         |       |       |     2 |       ||     2
       Held in net/web   |       |       |       |     1 ||     1
  Eat: Chunk             |     7 |    13 |    20 |     4 ||    44
Armor: Robe              |     1 |     7 |    40 |    33 ||    81
Dodge: Dodged            |     4 |    46 |   235 |   103 ||   388
       Deflected         |       |     3 |     7 |     2 ||    12
